Map: Backwater LE

Players

SpeCial - Winner!

  • Race: Terran Terran
  • Spawn Location: 5:00

Snute

  • Race: Zerg Zerg
  • Spawn Location: 11:00

Event: IEM Season 12 - Katowice

VOD

Have the link to the VOD?

Description

Time

  • Played on: Feb. 27, 2018, 9:17 a.m.
  • Length: 23:55

All games in this series

Show
View Real Time Build Order
Export as new Build Order

SpeCial Terran - Winner!

Build Orders: Reaper Expand 

Get SALT Encoding   

  12  0:00  SCV  
  13  0:12  SCV  
  14  0:20  Supply Depot  
  14  0:24  SCV  
  15  0:41  SCV  
  16  0:43  Barracks  
  16  0:45  Refinery  
  16  0:53  SCV  
  17  1:06  SCV  
  18  1:18  SCV  
  19  1:30  Reaper, Orbital Command  
  20  1:40  Command Center  
  20  1:55  Supply Depot  
  20  1:56  SCV  
  21  2:02  Marine  
  21  2:08  SCV, Factory  
  23  2:14  Refinery  
  23  2:20  SCV  
  23  2:22  Barracks Reactor  
  24  2:32  SCV  
  25  2:44  SCV  
  26  2:52  Orbital Command  
  26  2:56  SCV  
  26  2:57  Starport  
  27  3:03  Hellion x2  
  31  3:08  SCV  
  32  3:18  SCV  
  33  3:20  SCV  
  33  3:24  Widow Mine x2  
  33  3:27  Supply Depot  
  38  3:30  SCV  
  38  3:33  SCV, Medivac  
  42  3:37  Barracks Tech Lab  
  42  3:42  SCV  
  42  3:45  SCV  
  46  3:48  Hellion  
  46  3:49  Hellion  
  46  3:54  SCV  
  49  3:56  Command Center  
  49  4:00  SCV  
  50  4:06  SCV  
  51  4:12  SCV  
  52  4:18  SCV  
  52  4:20  Factory Tech Lab, Command Center  
  52  4:23  Supply Depot  
  53  4:25  SCV, Raven  
  53  4:28  Marine x2  
  53  4:30  SCV  
  59  4:37  SCV  
  60  4:43  SCV  
  60  4:45  Siege Tank  
  58  4:46  Marine x2  
  58  4:49  SCV  
  58  4:51  Supply Depot  
  61  4:55  SCV  
  62  5:01  SCV  
  64  5:07  SCV  
  64  5:13  SCV  
  65  5:19  SCV, Orbital Command  
  65  5:21  Siege Tank, Barracks  
  69  5:22  Marine  
  69  5:23  Starport Reactor  
  69  5:25  Barracks  
  68  5:31  Refinery x2  
  68  5:35  SCV x2  
  70  5:39  Bunker  
  70  5:40  Marine  
  72  5:44  Orbital Command  
  72  5:47  SCV, Engineering Bay  
  72  5:48  Engineering Bay  
  72  5:53  Bunker  
  72  5:58  Marine  
  72  6:00  Siege Tank  
  66  6:11  SCV  
  66  6:14  Engineering Bay  
  66  6:16  Engineering Bay  
  66  6:17  SCV x2  
  66  6:18  Starport Reactor, SCV, Supply Depot  
  71  6:23  SCV  
  73  6:27  Bunker  
  71  6:32  Siege Tank  
  71  6:38  SCV x3  
  71  6:39  Marine x2, Barracks  
  76  6:41  Barracks  
  74  6:52  Terran Infantry Weapons Level 1  
  74  6:53  Terran Infantry Armor Level 1  
  74  6:54  SCV x4  
  74  6:55  Supply Depot  
  74  6:57  Marine x2  
  80  7:06  SCV x3  
  83  7:09  Supply Depot  
  83  7:12  Barracks  
  83  7:14  Siege Tank, Marine x2, Barracks  
  88  7:15  SCV  
  88  7:16  Barracks x2  
  88  7:18  SCV x2  
  91  7:24  SCV, Refinery x2  
  91  7:25  Supply Depot  
  91  7:28  Barracks Tech Lab x2  
  90  7:32  Marine x2  
  90  7:33  Supply Depot  
  90  7:34  Orbital Command  
  90  7:36  Liberator x2  
  92  7:41  Barracks  
  92  7:45  SCV x2  
  92  7:50  Marine x4  
  98  7:52  Combat Shields  
  98  7:53  Stimpack  
  98  7:54  SCV  
  98  7:57  Supply Depot x3, SCV x2  
  107  7:59  SCV  
  107  8:00  Supply Depot, Siege Tank  
  112  8:06  SCV  
  112  8:07  Factory  
  112  8:08  Marine x3  
  116  8:17  Barracks Reactor  
  116  8:18  Barracks Reactor, Marine  
  116  8:19  Barracks Reactor, SCV x4, Barracks Tech Lab  
  120  8:23  Supply Depot  
  120  8:26  Marine x3  
  123  8:28  Marine x2  
  123  8:31  SCV x3  
  128  8:35  Refinery  
  128  8:36  Marine, Medivac x2, Refinery  
  128  8:41  Siege Tank  
  136  8:43  Marine  
  136  8:44  Marine x2, Command Center  
  136  8:45  Marine  
  136  8:46  Marine  
  136  8:47  Missile Turret  
  141  8:49  Marine  
  141  8:50  Supply Depot  
  141  8:53  Armory  
  141  8:54  Marine  
  141  8:55  Marine x2  
  144  9:00  Marine x2  
  144  9:01  Marine x2  
  144  9:02  Marine  
  150  9:03  Siege Tank, Marine x2  
  150  9:06  Medivac x2  
  156  9:12  Marine x2  
  156  9:13  Marine x2  
  160  9:17  Siege Tank  
  160  9:18  Marine  
  160  9:22  Supply Depot  
  160  9:23  Supply Depot  
  164  9:29  Supply Depot  
  164  9:33  Sensor Tower  
  164  9:38  Supply Depot  
  164  9:42  Terran Infantry Weapons Level 2  
  164  9:43  Marine x6, Marauder  
  164  9:44  Siege Tank, Marine x2  
  164  9:45  Marauder  
  179  9:51  Siege Tank, Medivac x2, Marauder  
  188  9:57  Terran Infantry Armor Level 2  
  184  10:01  Marine x2  
  184  10:05  Marauder  
  184  10:06  Marine x5, Marauder  
  184  10:09  Marine  
  184  10:12  Marauder  
  184  10:17  Siege Tank  
  184  10:18  Marine  
  184  10:19  Marine  
  184  10:20  Medivac  
  191  10:22  Planetary Fortress  
  191  10:23  Siege Tank  
  191  10:24  Marine x2  
  191  10:26  Marauder  
  191  10:28  Marine, Marauder  
  200  10:34  Terran Vehicle Weapons Level 1  
  176  10:43  Marine  
  176  10:44  Marauder  
  176  10:48  Marine, Marauder  
  176  10:49  Siege Tank, Marauder  
  156  10:52  Marine x6  
  156  10:56  Siege Tank  
  152  11:01  Marine, Concussive Shells  
  152  11:02  Liberator x2  
  153  11:05  Marauder  
  153  11:09  Marine x2, Marauder  
  153  11:10  Marine x4, Marauder  
  165  11:12  Marine  
  170  11:19  Marine  
  173  11:26  Marauder  
  173  11:27  Marine x2  
  173  11:30  Marine, Marauder  
  173  11:32  Marauder  
  182  11:33  Starport  
  182  11:34  Starport, Refinery  
  182  11:37  Siege Tank x2  
  182  11:38  Marine  
  189  11:40  Marine  
  189  11:42  Marine, Refinery  
  189  11:45  Ghost Academy  
  189  11:46  Marine  
  192  11:48  Marauder  
  192  11:52  Marauder  
  192  11:53  Marauder  
  198  11:59  Marine  
  199  12:01  Terran Infantry Weapons Level 3  
  169  12:09  Marauder  
  169  12:10  Marine  
  169  12:13  Marauder  
  169  12:14  Marauder  
  168  12:16  Viking x2, Starport Tech Lab  
  168  12:17  Starport Tech Lab, Marine  
  173  12:22  Marine  
  173  12:23  Marine, Command Center  
  173  12:24  Marine  
  173  12:29  Marine  
  177  12:30  Command Center  
  177  12:31  Marauder  
  177  12:35  Terran Infantry Armor Level 3, Marauder  
  177  12:36  Marauder  
  183  12:37  Marine  
  183  12:38  Marine x2  
  183  12:42  Raven  
  183  12:43  Raven  
  190  12:51  Corvid Reactor  
  190  12:52  Marauder  
  190  12:57  Viking x2  
  193  12:59  Marine  
  193  13:00  Marine  
  193  13:01  Marine  
  193  13:03  Marine  
  193  13:04  Marine  
  197  13:11  Marine  
  197  13:12  Marine  
  193  13:24  Marine x3, Marauder  
  193  13:25  Viking  
  193  13:26  Viking  
  191  13:27  Viking x2  
  191  13:30  Marine  
  191  13:31  Marine  
  191  13:34  Marine x2  
  194  13:44  Marine  
  194  13:45  Marine, Marauder  
  194  13:47  Marine  
  194  13:49  Orbital Command  
  194  13:51  Marine x2  
  194  13:54  Terran Ship Weapons Level 1  
  194  13:55  Viking, Armory  
  194  13:56  Viking  
  194  13:57  Medivac x2  
  200  14:08  Marine  
  200  14:16  Starport  
  200  14:18  Starport  
  200  14:20  Sensor Tower  
  191  14:25  Command Center  
  191  14:27  Medivac  
  197  14:31  Raven  
  197  14:32  Raven  
  196  14:42  Marine  
  196  14:43  Marine x2  
  189  14:46  Viking  
  189  14:48  Marine  
  189  14:49  Marine  
  189  14:50  Marine  
  193  14:53  Medivac  
  193  14:57  Viking  
  197  15:02  Medivac  
  196  15:14  Raven  
  196  15:15  Raven  
  196  15:16  Medivac  
  196  15:20  Marine x2, Marauder  
  185  15:23  Marine x2, Marauder  
  185  15:25  Marine x4, Marauder  
  185  15:27  Viking  
  185  15:28  Starport Tech Lab  
  185  15:37  Marine, Command Center  
  185  15:38  Marine  
  185  15:40  Marine  
  185  15:41  Marauder  
  186  15:45  Marauder  
  186  15:46  Viking, Marine  
  186  15:47  Marauder  
  186  15:48  Marine x2  
  186  15:49  Siege Tank x2  
  197  15:51  Marine  
  197  15:52  Marine  
  197  15:56  Starport Tech Lab  
  189  15:59  Marine x2  
  189  16:03  Marine, Marauder  
  194  16:06  Marauder  
  194  16:08  Marauder  
  198  16:15  Marine x2  
  197  16:24  Marauder  
  182  16:26  Marine  
  182  16:27  Marine, Marauder  
  182  16:29  Marauder  
  159  16:34  Medivac  
  159  16:35  Marine x2  
  159  16:36  Siege Tank x2  
  159  16:39  Marine x2  
  154  16:43  Raven x2  
  154  16:44  Raven x2  
  154  16:46  Marine x2, Marauder  
  166  16:47  Orbital Command  
  166  16:49  Marauder  
  166  16:51  Marauder  
  170  16:57  Terran Ship Weapons Level 2  
  170  16:58  Terran Vehicle And Ship Armor Level 1  
  170  16:59  Marine  
  171  17:07  Marauder  
  173  17:10  Marauder  
  173  17:12  Marauder  
  177  17:25  Marine  
  177  17:26  Raven x2  
  177  17:27  Marine  
  177  17:28  Marauder, Refinery  
  175  17:30  Medivac x2  
  175  17:31  Marauder  
  175  17:32  Refinery  
  175  17:34  Siege Tank, Marauder  
  175  17:35  Siege Tank  
  188  17:40  Marine  
  188  17:42  Marine x2  
  187  17:47  Marine  
  187  17:50  Marauder  
  185  17:53  Marauder  
  185  17:54  Marine x4  
  185  17:55  Marauder  
  185  17:57  Ghost Academy  
  185  18:01  Unknown x6  
  185  18:02  Unknown x3  
  185  18:03  Unknown  
  185  18:04  Unknown x2  
  184  18:07  Siege Tank x2  
  181  18:23  Marine, Marauder  
  181  18:25  Marine, Marauder  
  151  18:30  Marine  
  151  18:31  Marauder  
  135  18:36  Marine x2  
  135  18:38  Marine x3  
  135  18:39  Siege Tank x2  
  135  18:41  Marine  
  126  18:43  Marine  
  126  18:45  Marauder  
  126  18:46  Marine  
  126  18:48  Marine  
  130  18:52  Marine  
  130  18:53  Raven  
  130  18:54  Marine  
  135  18:57  Raven x2  
  135  19:00  Marine x2  
  137  19:03  Marine x2  
  137  19:04  Marine x2  
  141  19:11  Siege Tank  
  141  19:15  Marine  
  145  19:18  Marine x3, Marauder  
  145  19:22  Marine  
  151  19:28  Marauder  
  151  19:30  Raven  
  153  19:32  Viking  
  153  19:36  Raven  
  156  19:43  Ghost x2  
  160  19:50  Siege Tank  
  162  19:56  Marine x2  
  162  19:57  Marine, Marauder  
  167  20:11  Marine  
  167  20:12  Marauder  
  167  20:13  Marauder  
  172  20:18  Marauder  
  172  20:19  Medivac x3  
  167  20:29  Marine  
  167  20:34  Marauder x2  
  167  20:35  Raven x2  
  176  20:38  Medivac  
  178  20:50  Siege Tank  
  178  20:53  Raven  
  183  21:00  Marine  
  183  21:01  Marauder  
  186  21:08  Raven  
  187  21:15  Marauder  
  187  21:17  Orbital Command  
  187  21:18  Raven x2  
  189  21:19  Viking x2  
  189  21:22  Marine  
  189  21:23  Marauder  
  192  21:48  Liberator  
  192  21:49  Liberator x3  
  195  21:56  Ghost x2  
  195  21:59  Fusion Core  
  199  22:04  Command Center  
  167  22:44  Siege Tank  
  167  22:50  Marine x5, Marauder  
  166  22:51  Marine  
  166  22:55  Marine  
  166  22:56  Raven x3, Marauder  
  176  23:01  Refinery  
  176  23:02  Refinery  
  176  23:03  Marauder  
  176  23:04  Marine  
  179  23:08  Marine x2  
  179  23:09  Marine  
  179  23:11  Marine  
  179  23:12  Marauder  
  185  23:16  Marine x2  
  185  23:17  Marauder  
  179  23:23  Ghost  
  180  23:30  Marine  
  180  23:31  Sensor Tower  
Show
View Real Time Build Order
Export as new Build Order

Snute Zerg 

Build Orders: Pool First, Brood Lord Corruptor, Roach Hydra 

Get SALT Encoding   

  12  0:00  Drone  
  13  0:12  Overlord  
  13  0:16  Drone  
  14  0:30  Drone x2  
  14  0:34  Drone  
  17  0:43  Spawning Pool  
  17  0:48  Drone  
  17  1:08  Hatchery  
  17  1:10  Drone  
  17  1:14  Drone  
  17  1:17  Extractor  
  17  1:18  Drone  
  18  1:30  Queen  
  18  1:32  Zergling x2  
  21  1:38  Overlord  
  21  1:49  Drone  
  22  2:00  Drone  
  23  2:06  Queen  
  25  2:10  Drone  
  26  2:16  Metabolic Boost  
  26  2:20  Drone  
  26  2:21  Queen  
  29  2:23  Drone  
  30  2:32  Drone  
  30  2:33  Drone  
  32  2:38  Spore Crawler  
  32  2:39  Overlord  
  32  2:41  Drone  
  32  2:48  Overlord  
  32  2:49  Drone  
  32  2:50  Drone  
  35  2:53  Drone  
  35  2:56  Overlord  
  36  3:04  Drone  
  37  3:08  Drone  
  38  3:15  Queen  
  38  3:16  Queen  
  38  3:18  Drone x2  
  38  3:19  Drone  
  45  3:22  Drone  
  45  3:23  Drone  
  45  3:26  Zergling x2  
  48  3:36  Hatchery  
  48  3:38  Zergling x4  
  49  3:44  Zergling x6  
  52  3:49  Roach Warren  
  52  3:52  Drone  
  53  3:55  Drone x2  
  53  3:56  Drone  
  53  3:57  Drone  
  53  4:01  Drone  
  57  4:05  Drone x3  
  57  4:07  Extractor  
  57  4:09  Overlord  
  59  4:11  Drone  
  60  4:22  Overlord  
  60  4:25  Overlord  
  60  4:30  Roach x3  
  66  4:33  Roach  
  68  4:41  Drone  
  68  4:42  Drone x3  
  67  4:49  Roach  
  67  4:51  Roach x2  
  73  4:59  Roach  
  75  5:06  Zergling x14  
  82  5:14  Zergling x2  
  82  5:17  Overlord  
  82  5:24  Drone  
  82  5:25  Drone  
  82  5:27  Drone  
  82  5:28  Drone  
  86  5:32  Overlord  
  86  5:34  Ravager x3, Overlord  
  89  5:36  Ravager  
  89  5:37  Zergling x10  
  95  5:43  Drone x2  
  95  5:44  Overlord  
  95  5:52  Drone  
  95  5:53  Drone x4  
  99  6:00  Overlord  
  98  6:07  Drone x7  
  100  6:14  Overlord  
  100  6:17  Ravager x3  
  103  6:18  Drone x2  
  103  6:19  Drone x3  
  103  6:22  Drone  
  109  6:26  Extractor  
  109  6:27  Extractor  
  109  6:28  Extractor x2  
  109  6:31  Evolution Chamber  
  104  6:33  Evolution Chamber  
  104  6:34  Drone  
  104  6:35  Drone x6  
  104  6:36  Hatchery  
  106  6:44  Drone x6  
  109  6:48  Drone  
  109  6:50  Overlord  
  109  6:51  Lair  
  110  6:56  Drone  
  111  7:01  Zerg Ground Armor Level 1  
  111  7:05  Drone x5  
  116  7:09  Zerg Missile Weapons Level 1  
  116  7:14  Roach x3  
  122  7:19  Spore Crawler  
  121  7:26  Roach  
  121  7:27  Roach x5  
  133  7:31  Roach  
  135  7:43  Baneling Nest  
  134  7:47  Drone x4  
  134  7:49  Infestation Pit  
  134  7:50  Glial Reconstitution  
  137  7:52  Hydralisk Den  
  137  7:55  Roach, Extractor x2  
  137  7:56  Roach x8  
  152  8:10  Overlord x3  
  152  8:11  Overlord  
  152  8:19  Spore Crawler  
  151  8:22  Overlord x2  
  151  8:23  Grooved Spines  
  151  8:25  Overlord  
  151  8:27  Hive  
  151  8:30  Spire  
  151  8:32  Ravager x2  
  152  8:35  Roach x4  
  152  8:36  Zergling x12  
  152  8:37  Zergling x4  
  168  8:43  Roach  
  170  8:52  Hydralisk x4  
  184  8:56  Overlord  
  184  9:00  Zerg Ground Armor Level 2  
  178  9:03  Zerg Melee Weapons Level 1  
  178  9:12  Spore Crawler x2  
  176  9:23  Hydralisk  
  176  9:24  Hydralisk x4  
  176  9:30  Baneling  
  186  9:33  Centrifical Hooks  
  186  9:34  Muscular Augments  
  186  9:36  Hydralisk x2  
  196  9:42  Viper  
  196  9:45  Greater Spire  
  193  9:57  Viper  
  191  10:03  Zergling x22  
  191  10:04  Zergling x18  
  186  10:10  Hydralisk  
  186  10:11  Hydralisk  
  187  10:17  Hydralisk  
  187  10:18  Hydralisk x5  
  174  10:47  Hydralisk x5  
  174  10:48  Hydralisk x3  
  163  10:54  Corruptor x5  
  161  11:05  Hydralisk x5  
  171  11:11  Hatchery  
  170  11:22  Hatchery  
  171  11:32  Brood Lord  
  171  11:33  Brood Lord x2, Zergling x2  
  171  11:34  Zergling x14  
  183  11:43  Brood Lord x2  
  185  11:54  Zerg Ground Armor Level 3  
  176  12:17  Corruptor  
  176  12:18  Corruptor x3  
  176  12:20  Drone x5  
  176  12:21  Zergling x18  
  198  12:33  Spore Crawler x2  
  198  12:34  Spore Crawler  
  198  12:35  Hydralisk x2  
  199  12:48  Overseer x3  
  197  12:59  Brood Lord  
  199  13:09  Corruptor x2, Zerg Melee Weapons Level 2  
  199  13:11  Zerg Flyer Armor Level 1  
  194  13:28  Zergling x16  
  194  13:29  Zergling x2  
  194  13:33  Zergling x12  
  194  13:34  Zergling x4  
  187  13:42  Zergling x2  
  187  13:43  Zergling x8  
  187  13:44  Brood Lord x2  
  193  13:59  Zergling x12  
  193  14:00  Zergling x2  
  193  14:01  Adrenal Glands  
  198  14:06  Hydralisk x2  
  198  14:09  Spore Crawler  
  198  14:31  Zerg Missile Weapons Level 2  
  198  14:35  Baneling x8  
  198  14:36  Baneling x3  
  194  14:48  Hydralisk x2  
  194  14:49  Hydralisk x3  
  200  14:54  Hydralisk  
  198  15:00  Queen, Hatchery  
  198  15:03  Hydralisk  
  199  15:07  Spore Crawler  
  179  15:24  Hydralisk  
  179  15:25  Hydralisk x7  
  179  15:27  Zerg Melee Weapons Level 3  
  188  15:29  Queen x2  
  188  15:30  Viper  
  188  15:33  Baneling  
  188  15:34  Baneling x6  
  197  15:36  Queen, Overseer  
  176  15:52  Corruptor x4  
  182  16:04  Queen  
  182  16:05  Queen  
  182  16:08  Hatchery  
  174  16:11  Queen  
  174  16:12  Viper x2  
  161  16:27  Hydralisk x8  
  153  16:44  Pneumatized Carapace  
  147  16:51  Ultralisk Cavern  
  146  16:57  Drone  
  146  16:58  Drone x7  
  146  16:59  Drone x2  
  156  17:09  Brood Lord  
  156  17:10  Brood Lord  
  156  17:11  Brood Lord  
  160  17:18  Brood Lord  
  158  17:34  Hydralisk x4  
  166  17:37  Zergling x8  
  170  17:55  Hydralisk x5  
  177  18:12  Hydralisk  
  177  18:13  Hydralisk x3  
  173  18:23  Hydralisk x2  
  173  18:26  Zergling x24  
  166  18:37  Hydralisk x2  
  161  18:53  Zergling x2  
  161  18:54  Zergling x22  
  173  19:08  Ultralisk  
  179  19:22  Zerg Missile Weapons Level 3  
  179  19:23  Zergling x8  
  175  19:35  Ultralisk  
  175  19:36  Overlord  
  175  19:37  Overlord  
  177  19:45  Queen x2  
  181  19:49  Overlord x2  
  181  19:50  Zergling x2  
  181  19:51  Overlord x2  
  182  20:00  Ultralisk  
  182  20:06  Zergling x2  
  189  20:17  Hatchery  
  189  20:18  Drone  
  189  20:19  Drone x3  
  190  20:31  Ultralisk  
  196  20:40  Ultralisk  
  198  20:47  Baneling x6  
  198  20:48  Baneling  
  198  20:55  Zergling x2  
  198  20:56  Zergling x2  
  200  21:10  Hatchery  
  181  21:41  Zergling x32  
  191  21:52  Queen  
  191  21:53  Queen x3, Zergling x2  
  200  22:12  Hatchery  
  200  22:13  Zergling x2  
  180  22:30  Hatchery  
  167  22:40  Ultralisk  
  167  22:42  Zergling x20  
  167  22:43  Zergling x16  
  160  22:49  Hydralisk  
  136  22:52  Hydralisk  
  138  23:00  Zergling x8  
  138  23:04  Overseer  
  142  23:12  Queen, Zergling x10  
  147  23:13  Queen x2  
  142  23:27  Zergling x20  

Tags
 
Add a new tag
Caveats
  • Supply blocks, unpowered buildings, or Contaminate may cause inaccurate times.
  • Supply counts are checked every 10 seconds.